 Dungeon Crawl Stone Soup version 0.28-a0-863-g8cecda6153 (webtiles) character file.

Game seed: 15550817493706151581

1106 browni3141 the Skirmisher (level 8, -1/61 HPs)
             Began as a Djinni Cinder Acolyte on Nov 19, 2021.
             Was a High Priest of Ignis.
             Slain by a water moccasin (5 damage)
             ... on level 7 of the Dungeon.
             The game lasted 00:19:26 (8502 turns).

browni3141 the Skirmisher (Djinni Cinder Acolyte)   Turns: 8502, Time: 00:19:26

Health: -1/61      AC:  5    Str: 13    XL:     8   Next: 58%
Gold:   268        EV: 11    Int: 19    God:    Ignis [*****.] SH:  0 Dex:  8

rFire   + + +      SeeInvis .   a - -1 falchion (flame)
rCold   x . .      Faith    .   (no shield)
rNeg    . . .      Spirit   .   b - +0 robe
rPois   ∞          Reflect  .   f - +2 hat
rElec   .          Harm     .   g - scarf {repulsion}
rCorr   .          Rampage  .   t - +0 pair of gloves
Will    .....                   (boots unavailable)
Stlth   +.........              (no amulet)
HPRegen 0.20/turn               (no ring)
MPRegen 0.00/turn               (no ring)

@: flying, hasted, repel missiles, very quick
A: sickness immunity, fire resistance 2, cold vulnerability 1, float, innate
caster, hp casting, extra vitality 1
a: Renounce Religion, Sea of Fire, Foxfire Swarm, Rising Flame


You were on level 7 of the Dungeon.
You worshipped Ignis.
Ignis was extremely pleased with you.
You visited 2 branches of the dungeon, and saw 8 of its levels.

You collected 268 gold pieces.

Inventory:

Hand Weapons
 a - a -1 falchion of flaming (weapon)
Missiles
 y - a curare-tipped dart
 z - 4 poisoned darts
Armour
 b - a +0 robe (worn)
 d - a +0 chain mail
 f - a +2 hat (worn)
 g - a scarf of repulsion (worn)
 m - a +0 cloak
 o - a scarf of shadows
 t - a +0 pair of gloves (worn)
Jewellery
 r - a ring of ice
 x - a ring of protection from fire
Wands
 n - a wand of flame (13)
 v - a wand of acid (1)
Scrolls
 c - a scroll of fear {unknown}
 i - 6 scrolls of teleportation {unknown}
 j - 3 scrolls of noise {unknown}
 l - 2 scrolls of enchant armour {unknown}
 s - 5 scrolls of identify {unknown}
 A - a scroll of blinking {unknown}
 B - a scroll of acquirement {unknown}
Potions
 e - 2 potions of degeneration
 h - a potion of might
 k - 2 potions of haste
 p - 2 potions of attraction
 q - a potion of brilliance {unknown}
 u - 2 potions of curing {unknown}
 w - a potion of resistance {unknown}
 C - 3 potions of invisibility {unknown}


   Skills:
 * Level 6.1 Fighting
 * Level 5.7 Long Blades
 * Level 4.8 Spellcasting
 * Level 1.0 Evocations


You had 8 spell levels left.
You knew the following spells:

 Your Spells              Type           Power      Damage    Failure   Level
a - Scorch                Fire           44%        2d7       2%          2
b - Shock                 Conj/Air       88%        1d8       1%          1
c - Call Imp              Summ           22%        N/A       2%          2
d - Vampiric Draining     Necr           22%        2d7       5%          3
Your spell library was empty.

Dungeon Overview and Level Annotations

Branches:
Dungeon (7/15)             Temple (1/1) D:4

Altars:
Ashenzari
Cheibriados
Dithmenos
Elyvilon
Fedhas
Gozag
Hepliaklqana
Kikubaaqudgha
Makhleb
Nemelex Xobeh
Qazlal
Ru
Sif Muna
Trog
Uskayaw
Vehumet
Wu Jian
Xom
Yredelemnul
Zin
The Shining One

Shops:
D:5 [


Innate Abilities, Weirdness & Mutations

You are immune to sickness and miasma.
You are immune to poison.
Your flesh is very heat resistant. (rF++)
You are vulnerable to cold. (rC-)
You float through the air rather than walking.
You learn spells naturally, not from books.
Your magical power is your life essence.
You have superior vitality. (+4 HP)


Message History

Flames lash the water moccasin.
The water moccasin is severely wounded.
The water moccasin's fire resistance burns away.
The water moccasin bites you. The water moccasin closely misses you.
You are too injured to fight recklessly!
You are too injured to fight recklessly!
You are too injured to fight recklessly!
You are too injured to fight recklessly!
You are too injured to fight recklessly!
You barely miss the water moccasin.
The water moccasin is severely wounded.
The water moccasin barely misses you.
You closely miss the water moccasin.
The water moccasin is severely wounded.
The water moccasin bites you but does no damage.
You closely miss the water moccasin.
The water moccasin is severely wounded.
The water moccasin misses you. The water moccasin closely misses you.
You miss the water moccasin.
The water moccasin is severely wounded.
The water moccasin barely misses you.
You closely miss the water moccasin.
The water moccasin is severely wounded.
The water moccasin is no longer more vulnerable to fire.
The water moccasin bites you but does no damage.
The water moccasin bites you.
* * * LOW HITPOINT WARNING * * *
You barely miss the water moccasin.
The water moccasin is severely wounded.
The water moccasin bites you.
* * * LOW HITPOINT WARNING * * *
You barely miss the water moccasin.
The water moccasin is severely wounded.
The water moccasin bites you.
* * * LOW HITPOINT WARNING * * *
The water moccasin bites you!
* * * LOW HITPOINT WARNING * * *
It was a potion of haste.
You feel yourself speed up. The water moccasin barely misses you.
The water moccasin bites you.
You die...

#..# #.<.....# ##.##
#.)...... #..#
#........
###.###........
###....##........
###....##..#...)...
###....######.(......
.###....### #
##....... .......@#
##.## ##......
......ZS##....#
#......
##......#.....##
##.....
#.............#
#.....
##.............
#..... #........>....
#..##. #.............
# #..............
#...............


You could see a water moccasin and a bullfrog skeleton.

Vanquished Creatures
  A komodo dragon (D:6)
  2 ogres
  A phantom (D:5)
  2 kobold brigands (D:6)
  A scorpion (D:5)
  2 centaur zombies
  A bullfrog zombie (D:7)
  2 hounds
  Crazy Yiuf (D:3)
  A centaur skeleton (D:5)
  An orc wizard (D:4)
  Robin (D:3)
  A gnoll (D:3)
  6 adders
  A white imp (D:6)
  An ufetubus (D:5)
  3 worms
  2 dart slugs
  5 orcs
  4 endoplasms
  5 giant cockroaches
  12 goblins
  6 hobgoblins
  12 jackals
  7 kobolds
  4 quokkas
  10 ball pythons
  5 bats
  3 frilled lizards
  A rat (D:3)
104 creatures vanquished.

Vanquished Creatures (collateral kills)
  An orc (D:4)
  A hobgoblin (D:3)
  A frilled lizard (D:3)
3 creatures vanquished.

Vanquished Creatures (others)
  A goblin (D:3)
  A foxfire (D:3)
  A plant (D:3)
3 creatures vanquished.

Grand Total: 110 creatures vanquished

Notes
Turn   | Place    | Note
-------+----------+-------------------------------------------
     0 | D:1      | browni3141 the Djinni Cinder Acolyte began the quest for
                  | the Orb.
     0 | D:1      | Reached XP level 1. HP: 20/20 MP: 0/0
   394 | D:1      | Found a faded altar of an unknown god.
   422 | D:1      | Reached XP level 2. HP: 16/25 MP: 0/0
  1090 | D:1      | Reached XP level 3. HP: 21/30 MP: 0/0
  1090 | D:1      | Learned a level 1 spell: Shock
  1807 | D:2      | Reached XP level 4. HP: 1/35 MP: 0/0
  1808 | D:2      | HP: 1/35 [frilled lizard (1)]
  2979 | D:2      | Reached XP level 5. HP: 16/41 MP: 0/0
  2979 | D:2      | Learned a level 2 spell: Call Imp
  3756 | D:3      | Noticed a kobold brigand
  3886 | D:3      | Found a runed translucent door.
  3887 | D:3      | Noticed Crazy Yiuf
  3917 | D:3      | Killed Crazy Yiuf
  3918 | D:3      | Reached skill level 4 in Fighting
  4173 | D:3      | Noticed Robin
  4184 | D:3      | Killed Robin
  4609 | D:3      | Noticed a steam dragon
  4926 | D:4      | Reached XP level 6. HP: 45/47 MP: 0/0
  5007 | D:4      | Found a staircase to the Ecumenical Temple.
  5026 | Temple   | Entered the Ecumenical Temple
  5100 | D:4      | Noticed an ogre
  5113 | D:4      | Killed an ogre
  5528 | D:4      | Found a hazy altar of Hepliaklqana.
  5529 | D:4      | Found a glowing golden altar of the Shining One.
  5539 | D:4      | Found a hide-covered altar of Uskayaw.
  5539 | D:4      | Found a stormy altar of Qazlal.
  5539 | D:4      | Found a broken altar of Ashenzari.
  5541 | D:4      | Found a blossoming altar of Fedhas.
  5542 | D:4      | Found a white marble altar of Elyvilon.
  5543 | D:4      | Found a sparkling altar of Nemelex Xobeh.
  5544 | D:4      | Found an opulent altar of Gozag.
  5794 | Temple   | HP: 2/48 [phantom (8)]
  6183 | D:5      | Entered Level 5 of the Dungeon
  6208 | D:5      | Found Udoehao's Armour Emporium.
  6236 | D:5      | Reached XP level 7. HP: 26/53 MP: 0/0
  6236 | D:5      | Learned a level 3 spell: Vampiric Draining
  6444 | D:5      | Reached skill level 5 in Fighting
  6951 | D:6      | Noticed a komodo dragon
  7097 | D:6      | Reached skill level 5 in Long Blades
  7176 | D:6      | Killed a komodo dragon
  7177 | D:6      | Reached XP level 8. HP: 12/61 MP: 0/0
  7390 | D:6      | Reached skill level 6 in Fighting
  8431 | D:7      | Reached skill level 1 in Evocations
  8502 | D:7      | Slain by a water moccasin

Illustrated notes

Levels and vault maps discovered:
D:1:      evilmike_arrival_plus, layout_basic,
          ebering_ecumenical_altar_petrified
D:2:      layout_basic, st_stairs_10
D:3:      cheibrodos_thug_alley, layout_basic, grunt_decor_one_mirror,
          serial_bayou_pond_e, hangedman_feature_mirror, eino_curves_02,
          minmay_tree_intersection, uniq_terence, uniq_crazy_yiuf_cottage,
          uniq_robin
D:4:      layout_gridville, minitemple, minmay_temple_entry_junction_2
D:5:      layout_cave_pools, serial_shops, shop_statue, minmay_misc_feat_square,
          kennysheep_generic_room_14
D:6:      layout_rooms, kennysheep_generic_room_13
D:7:      layout_cave_pods, supply_closet_lemuel, uniq_duvessa
Temple:   eino_wide_crystal_templ

Skill      XL: |  1  2  3  4  5  6  7  8 |
---------------+-------------------------+-----
Long Blades    | 3 4 5 |  5.7
Spellcasting   | 3 4 |  4.8
Fighting       | 4 5 6 |  6.1
Evocations     | 1 |  1.0

Action                   |  1- 3 |  4- 6 |  7- 9 || total
-------------------------+-------+-------+-------++-------
Melee: Falchion          |    89 |   171 |    80 ||   340
 Cast: Scorch            |     6 |    36 |    25 ||    67
       Shock             |       |     8 |     9 ||    17
       Call Imp          |       |     5 |     3 ||     8
Invok: Sea of Fire       |       |     1 |       ||     1
       Foxfire Swarm     |       |     1 |       ||     1
Evoke: Wand              |       |       |     4 ||     4
  Use: Potion            |       |     2 |     1 ||     3
 Stab: Sleeping          |     1 |       |       ||     1
Armor: Robe              |    19 |    67 |    36 ||   122
Dodge: Dodged            |    58 |   153 |    76 ||   287
       Repelled          |       |     2 |     2 ||     4

Table legend: (Time is in decaauts)
 A = Elapsed time spent in this place.
 B = Non-inter-level travel time spent in this place.
 C = Inter-level travel time spent in this place.
 D = Time resting spent in this place.
 E = Time spent auto-exploring this place.
 F = Levels seen in this place.
 G = Mean time per level.
                   A        B        C        D        E       F      G
               +--------+--------+--------+--------+--------+-----+--------+
         Total |   8540 |   8311 |    229 |   1020 |   5917 |   8 | 1067.5 |
       Dungeon |   8306 |   8089 |    217 |   1020 |   5883 |   7 | 1186.6 |
        Temple |    234 |    222 |     12 |      0 |     34 |   1 |  234.0 |
               +--------+--------+--------+--------+--------+-----+--------+

Top non-repeatable levels by time:
     D:2: 2167 daAuts
     D:1: 1673 daAuts
     D:4: 1079 daAuts
     D:3: 1062 daAuts
     D:5: 881 daAuts
     D:6: 779 daAuts
     D:7: 662 daAuts
  Temple: 234 daAuts
